[Event "*** Titled Tuesday Blitz"]
[Site "Chess.com"]
[Date "2019.07.02"]
[Round "1"]
[White "Msb2"]
[Black "Keithonsky"]
[Result "1-0"]
[WhiteElo "2867"]
[BlackElo "2448"]
[TimeControl "180+2"]
[EndTime "13:01:12 PDT"]
[Termination "Msb2 won by resignation"]

1. d4 Nf6 2. c4 g6 3. Nc3 Bg7 4. e4 d6 5. h3 O-O 6. Be3 e5 7.
d5 a5 8. g4 Nfd7 9. Qd2 Na6 10.
Nge2 Ndc5 11. Ng3 Qh4 12. Bg5 Bh6 13. Bxh4 1-0

[Event "*** Titled Tuesday Blitz"]
[Site "Chess.com"]
[Date "2019.07.02"]
[Round "1"]
[White "sergeikim"]
[Black "PNEPaul"]
[Result "1-0"]
[WhiteElo "2485"]
[BlackElo "1848"]
[TimeControl "180+2"]
[EndTime "13:01:32 PDT"]
[Termination "sergeikim won by resignation"]

1. d4 a6 2. c4 d6 3. Nc3 g6 4. e4 Nd7 5. Nge2 Bg7 6. Ng3 e6 7. Be2 Ne7 8. O-O O-O 9. f4 f5 10. e5 dxe5 11. dxe5 Nb6 12. Be3 c6 13. Qxd8 Rxd8 14.
Bxb6 1-0

[Event "*** Titled Tuesday Blitz"]
[Site "Chess.com"]
[Date "2019.07.02"]
[Round "1"]
[White "Doraemon7"]
[Black "GuerrieroFromLevant"]
[Result "1-0"]
[WhiteElo "2581"]
[BlackElo "2225"]
[TimeControl "180+2"]
[EndTime "13:01:40 PDT"]
[Termination "Doraemon7 won by resignation"]

1. Nf3 d5 2. d4 c5 3. g3 Nc6 4.
Bg2 Nf6 5. O-O e6 6. c4 cxd4 7.
cxd5 Qxd5 8. Bf4 Bc5 9. Ne5 Qd8 10. Nxc6 bxc6 11. Qc2 Bb6 12. Qxc6+ 1-0

[Event "*** Titled Tuesday Blitz"]
[Site "Chess.com"]
[Date "2019.07.02"]
[Round "1"]
[White "David_Paravyan"]
[Black "maximnovik"]
[Result "1-0"]
[WhiteElo "2863"]
[BlackElo "2447"]
[TimeControl "180+2"]
[EndTime "13:02:26 PDT"]
[Termination "David_Paravyan won by checkmate"]

1. e4 c6 2. d4 d5 3. e5 Bf5 4. Nf3 e6 5. Bd3 Bxd3 6. Qxd3 c5 7. Be3 Nc6 8. dxc5 Qc7 9. c3 Nge7 10. b4 Nxe5 11.
Nxe5 Qxe5 12. Qb5+ Kd8 13. Qxb7 Rb8 14. Qxa7 Nc6 15.
Qxf7 Rxb4 16. cxb4 Qxa1 17. O-O Qf6 18. Qb7 e5 19. b5 Nb4 20. c6 d4 21. Qd7# 1-0

[Event "*** Titled Tuesday Blitz"]
[Site "Chess.com"]
[Date "2019.07.02"]
[Round "1"]
[White "LarissaSteenbekkers"]
[Black "pulvettd"]
[Result "0-1"]
[WhiteElo "1968"]
[BlackElo "2504"]
[TimeControl "180+2"]
[EndTime "13:02:29 PDT"]
[Termination "pulvettd won by resignation"]

1. e4 c5 2. Nf3 d6 3. d4 cxd4 4. Nxd4 Nf6 5. Nc3 a6 6. h3 e6 7. g4 h6 8. Bg2 g5 9. O-O Nbd7 10. Nde2 Ne5 11. f4 gxf4 12. Bxf4 Bd7 13. g5 hxg5 14. Bxg5 Qb6+ 15. Kh1 Nh5 16. Na4 Bxa4 17. b3 Bc6 0-1

[Event "*** Titled Tuesday Blitz"]
[Site "Chess.com"]
[Date "2019.07.02"]
[Round "1"]
[White "WorldChampionBulletChess"]
[Black "1g41-0"]
[Result "1-0"]
[WhiteElo "2138"]
[BlackElo "2499"]
[TimeControl "180+2"]
[EndTime "13:02:36 PDT"]
[Termination "WorldChampionBulletChess won by checkmate"]

1. d4 d5 2. Nf3 Nf6 3. g3 c6 4. Bg2 Bf5 5. O-O e6 6. Nbd2 Be7 7. b3 O-O 8. Bb2 a5 9. c4 a4 10. Ne5 Nbd7 11. Ndf3 Ne4 12. Nxd7 Qxd7 13. Ne5 Qc7 14. cxd5 exd5 15. f3 Nd6 16. Rc1 Nb5 17. g4 Bg6 18. f4 f6 19. Nxg6 hxg6 20. Bxd5+ Kh7 21. Qd3 Qd7 22.
Qh3# 1-0

[Event "*** Titled Tuesday Blitz"]
[Site "Chess.com"]
[Date "2019.07.02"]
[Round "1"]
[White "CarrotsandPizza"]
[Black "Andrei_Belozerov"]
[Result "0-1"]
[WhiteElo "2146"]
[BlackElo "2540"]
[TimeControl "180+2"]
[EndTime "13:02:43 PDT"]
[Termination "Andrei_Belozerov won by resignation"]

1. e4 c6 2. d4 d5 3. Nc3 dxe4 4. Nxe4 Bf5 5. Ng3 Bg6 6. h4 h6 7. f4 e6 8. Nf3 Nd7 9. h5 Bh7 10.
Bd3 Bxd3 11. Qxd3 Bd6 12. Bd2 Ne7 13. O-O-O Nf6 14. Kb1 O-O 15. Ne4 Nxe4 16. Qxe4 c5 17. dxc5 Bxc5 18. g4 Qd5 19. Qe2 Qc6 20. g5 Nf5 21.
gxh6 Nxh6 22. Bc3 Rfd8 23. Ne5 Qa6 24. Qg4 Nxg4 0-1

[Event "*** Titled Tuesday Blitz"]
[Site "Chess.com"]
[Date "2019.07.02"]
[Round "1"]
[White "AryanTari"]
[Black "DanielRensch"]
[Result "1-0"]
[WhiteElo "2824"]
[BlackElo "2429"]
[TimeControl "180+2"]
[EndTime "13:02:44 PDT"]
[Termination "AryanTari won by resignation"]

1. Nf3 Nf6 2. g3 d5 3. Bg2 c6 4. d4 Bf5 5. O-O Qc8 6. c4 e6 7. Nc3 Bd6 8. Nh4 Bg6 9. Nxg6 hxg6 10. e4 dxe4 11. Nxe4 Nxe4 12. Bxe4 Nd7 13. Be3 Nf6 14.
Bg2 Qc7 15. Qe2 O-O-O 16. b4 Rh5 17. b5 Rdh8 18. bxc6 bxc6 19. c5 Be7 20. Qa6+ Kd7 21. Rab1 1-0

[Event "*** Titled Tuesday Blitz"]
[Site "Chess.com"]
[Date "2019.07.02"]
[Round "1"]
[White "vjbaker"]
[Black "GMsKoRPioN"]
[Result "0-1"]
[WhiteElo "2209"]
[BlackElo "2566"]
[TimeControl "180+2"]
[EndTime "13:02:57 PDT"]
[Termination "GMsKoRPioN won by resignation"]

1. e4 d6 2. d4 g6 3. Nf3 Bg7 4. Be2 Nf6 5. Nc3 O-O 6. O-O c6 7. a4 Nbd7 8. Re1 Qc7 9. h3 Re8 10. Bg5 e5 11. Qd2 exd4 12. Nxd4 Nxe4 13. Nxe4 Rxe4 14. Bg4 Rxd4 15. Re8+ Nf8 16. Rxf8+ Kxf8 0-1

[Event "*** Titled Tuesday Blitz"]
[Site "Chess.com"]
[Date "2019.07.02"]
[Round "1"]
[White "severomorskij"]
[Black "Siniauski"]
[Result "1-0"]
[WhiteElo "2847"]
[BlackElo "2441"]
[TimeControl "180+2"]
[EndTime "13:03:13 PDT"]
[Termination "severomorskij won by resignation"]

1. d4 Nf6 2. Bg5 e6 3. e4 Be7 4. Bxf6 Bxf6 5. e5 Be7 6. Qg4 g6 7. Nf3 c5 8. Nc3 Nc6 9. d5 exd5 10. Nxd5 d6 11. Qg3 dxe5 12. O-O-O Qa5 13. Nxe7 Nxe7 14. Qxe5 Rg8 15. Ng5 Qxa2 16. Bb5+ 1-0

[Event "*** Titled Tuesday Blitz"]
[Site "Chess.com"]
[Date "2019.07.02"]
[Round "1"]
[White "narutosmith"]
[Black "TregubovP"]
[Result "1/2-1/2"]
[WhiteElo "2195"]
[BlackElo "2537"]
[TimeControl "180+2"]
[EndTime "13:03:31 PDT"]
[Termination "Game drawn by repetition"]

1. d4 Nf6 2. c4 e6 3. Nc3 Bb4 4. f3 c5 5. a3 Bxc3+ 6. bxc3 O-O 7. e4 d6 8. Bd3 e5 9. Ne2 Nc6 10. O-O h6 11. f4 Re8 12. d5 Na5 13. fxe5 dxe5 14.
Ng3 b6 15. Nf5 Bxf5 16. Rxf5 Nb7 17. Rf2 Nd6 18. Qf3 Nh7 19. Qh5 Nf6 20. Qf3 Nh7 21.
Qh5 Nf6 22. Qf3 1/2-1/2

[Event "*** Titled Tuesday Blitz"]
[Site "Chess.com"]
[Date "2019.07.02"]
[Round "1"]
[White "dmosesov"]
[Black "Nastasia28"]
[Result "1-0"]
[WhiteElo "2505"]
[BlackElo "1969"]
[TimeControl "180+2"]
[EndTime "13:03:58 PDT"]
[Termination "dmosesov won by resignation"]

1. d4 Nf6 2. c4 e6 3. Nf3 b6 4. a3 a5 5. Nc3 Ba6 6. e4 d5 7. e5 Ng8 8. cxd5 Bxf1 9. Kxf1 exd5 10. g3 Ne7 11. Kg2 g6 12. h4 h5 13. Bg5 c6 14.
Bf6 Rg8 15. Ng5 Bg7 16. Qf3 Nf5 17. Bxd8 Kxd8 18. Nxf7+ Ke7 19. Nd6 Rf8 20. Nxf5+ Rxf5 21. Nxd5+ Kf7 22. Qb3 1-0

[Event "*** Titled Tuesday Blitz"]
[Site "Chess.com"]
[Date "2019.07.02"]
[Round "1"]
[White "FairChess_on_YouTube"]
[Black "Quiet_Desperation"]
[Result "1-0"]
[WhiteElo "3049"]
[BlackElo "2474"]
[TimeControl "180+2"]
[EndTime "13:04:02 PDT"]
[Termination "FairChess_on_YouTube won by resignation"]

1. Nf3 Nf6 2. c4 e6 3. g3 g6 4. Bg2 Bg7 5. O-O O-O 6. d4 d6 7.
Nc3 Nc6 8. Qc2 e5 9. dxe5 dxe5 10. Rd1 Qe7 11. Bg5 Be6 12. Nd5 Bxd5 13. cxd5 Nd4 14. Nxd4 exd4 15. Rxd4 h6 16. Bf4 Rfe8 17. Bxc7 Nd7 18.
Re4 Qf6 19. d6 Rxe4 20. Bxe4 Re8 21. Bxb7 h5 22. Bc6 Qe6 23. Qa4 1-0

[Event "*** Titled Tuesday Blitz"]
[Site "Chess.com"]
[Date "2019.07.02"]
[Round "1"]
[White "GukeshDommaraju"]
[Black "dcremisi"]
[Result "1-0"]
[WhiteElo "2596"]
[BlackElo "2238"]
[TimeControl "180+2"]
[EndTime "13:04:02 PDT"]
[Termination "GukeshDommaraju won by checkmate"]

1. Nf3 e6 2. g3 d5 3. Bg2 b6 4.
O-O Bb7 5. d3 Nd7 6. Nbd2 Ngf6 7. b3 Be7 8. Bb2 O-O 9. c4 c5 10. cxd5 Nxd5 11. a3 Bf6 12. Qc2 Bxb2 13. Qxb2 Qf6 14.
Qxf6 N7xf6 15. Rfc1 Rfd8 16. Ne5 Rab8 17. Ndc4 Nd7 18.
b4 Nxe5 19. Nxe5 f6 20. bxc5 fxe5 21. c6 Bxc6 22. Rxc6 Kf7 23. Rac1 Ke7 24. R6c4 Kd7 25. Bxd5 exd5 26. Rc7+ Kd6 27. R1c6# 1-0

[Event "*** Titled Tuesday Blitz"]
[Site "Chess.com"]
[Date "2019.07.02"]
[Round "1"]
[White "TaykaGM"]
[Black "WilliamSchill"]
[Result "1-0"]
[WhiteElo "2527"]
[BlackElo "1964"]
[TimeControl "180+2"]
[EndTime "13:04:06 PDT"]
[Termination "TaykaGM won by resignation"]

1. Nf3 Nf6 2. d4 g6 3. c4 Bg7 4.
Nc3 O-O 5. g3 d6 6. Bg2 Nbd7 7.
O-O e5 8. b3 c6 9. Ba3 exd4 10.
Nxd4 Re8 11. Bxd6 Nf8 12. c5 Ne6 13. Nxe6 Bxe6 14. Rc1 Rc8 15. Qd2 Nd7 16. Rfd1 Ne5 17. Ne4 f5 18. Ng5 Nf7 19. Nxe6 Rxe6 20. Bf4 Qxd2 21. Rxd2 Rce8 22. Rd7 Rxe2 23. Rxb7 Rxa2 24. Bxc6 Ree2 25. Bd5 1-0

[Event "*** Titled Tuesday Blitz"]
[Site "Chess.com"]
[Date "2019.07.02"]
[Round "1"]
[White "NM2019"]
[Black "IMAghasiyevKamal"]
[Result "0-1"]
[WhiteElo "2126"]
[BlackElo "2529"]
[TimeControl "180+2"]
[EndTime "13:04:08 PDT"]
[Termination "IMAghasiyevKamal won by resignation"]

1. c4 e5 2. Nc3 Nf6 3. Nf3 Nc6 4.
g3 Bb4 5. Bg2 O-O 6. Nd5 Bc5 7.
O-O d6 8. d3 h6 9. h3 Be6 10.
e4 Nd4 11. Nxd4 Bxd4 12. Be3 Nxd5 13. cxd5 Bxe3 14. fxe3 Bd7 15. Rc1 Rc8 16. Kh2 Qg5 17. Qe2 c5 18. dxc6 Bxc6 19. d4 exd4 20. exd4 Bb5 21. Qf2 Rxc1 0-1

[Event "*** Titled Tuesday Blitz"]
[Site "Chess.com"]
[Date "2019.07.02"]
[Round "1"]
[White "letsgoband"]
[Black "DenishevM"]
[Result "0-1"]
[WhiteElo "2271"]
[BlackElo "2612"]
[TimeControl "180+2"]
[EndTime "13:04:10 PDT"]
[Termination "DenishevM won by resignation"]

1. e4 c5 2. Nf3 d6 3. Bb5+ Nd7 4.
a4 Nf6 5. Nc3 e6 6. O-O Be7 7.
Re1 O-O 8. d4 cxd4 9. Qxd4 a6 10. Bf1 Qc7 11. h3 b6 12. Be3 Bb7 13. Rad1 Rac8 14. Bg5 Rfd8 15. e5 dxe5 16. Nxe5 h6 17. Bf4 Nxe5 18. Qxe5 Qxe5 19. Bxe5 Bb4 20. Re3 Rxd1 21.
Nxd1 Rxc2 22. Rb3 Bc5 23. Ne3 Rc1 24. Nc4 Ne4 25. Ne3 0-1

[Event "*** Titled Tuesday Blitz"]
[Site "Chess.com"]
[Date "2019.07.02"]
[Round "1"]
[White "Benjoneliere44"]
[Black "platy3"]
[Result "0-1"]
[WhiteElo "2421"]
[BlackElo "2807"]
[TimeControl "180+2"]
[EndTime "13:04:15 PDT"]
[Termination "platy3 won by checkmate"]

1. d4 Nf6 2. Nf3 d5 3. Bf4 Bf5 4. e3 e6 5. Bd3 Bg6 6. O-O Bd6 7. Bg3 O-O 8. c4 c5 9. Bxg6 hxg6 10. dxc5 Bxc5 11. Qb3 Qb6 12. Qxb6 Bxb6 13. Nbd2 Nc6 14. a3 d4 15. exd4 Nxd4 16. Nxd4 Bxd4 17. Rab1 Rfd8 18. Nf3 Ne4 19. Rfd1 Bxb2 20. Rxd8+ Rxd8 21. h3 Bxa3 22. Rxb7 Bc5 23. Ne5 Nxg3 24. Nxf7 Rd1+ 25. Kh2 Bxf2 26. Ng5 Rh1# 0-1

[Event "*** Titled Tuesday Blitz"]
[Site "Chess.com"]
[Date "2019.07.02"]
[Round "1"]
[White "SubrotaBiswas"]
[Black "icychess54"]
[Result "0-1"]
[WhiteElo "2508"]
[BlackElo "2130"]
[TimeControl "180+2"]
[EndTime "13:04:21 PDT"]
[Termination "icychess54 won by checkmate"]

1. e4 c5 2. Nf3 d6 3. d4 cxd4 4. Nxd4 Nf6 5. Nc3 Nc6 6. Bc4 e6 7. Be3 a6 8. O-O Be7 9. f4 O-O 10. Kh1 Qc7 11. Bb3 b5 12. Nxc6 Qxc6 13. e5 Bb7 14.
Qe2 Nd7 15. Rad1 dxe5 16. fxe5 Nxe5 17. Bd4 Ng6 18. Rf3 Rfd8 19. Rfd3 Bc5 20. Bxc5 Rxd3 21. cxd3 Qxc5 22. Ne4 Qd4 23. Rc1 Nf4 24. Qf3 Nxd3 25. Nf6+ gxf6 26. Qxb7 Nf2+ 27. Kg1 Nh3+ 28. Kf1 Qf2# 0-1

[Event "*** Titled Tuesday Blitz"]
[Site "Chess.com"]
[Date "2019.07.02"]
[Round "1"]
[White "Warerman"]
[Black "TenisMaster"]
[Result "0-1"]
[WhiteElo "2436"]
[BlackElo "2835"]
[TimeControl "180+2"]
[EndTime "13:04:24 PDT"]
[Termination "TenisMaster won by resignation"]

1. d4 Nf6 2. c4 e6 3. Nc3 Bb4 4. e3 O-O 5. Bd3 d5 6. Nf3 c5 7. O-O dxc4 8. Bxc4 Nc6 9. a3 Ba5 10. h3 h6 11. Qe2 cxd4 12. Rd1 e5 13. exd4 exd4 14. Be3 Bb6 15. Na4 Bc7 16. Nxd4 Nxd4 17. Bxd4 Qd6 18. g3 Bxh3 19. Bc5 Qc6 20. f4 Qxa4 21. Bxf8 Rxf8 22. Rac1 0-1

[Event "*** Titled Tuesday Blitz"]
[Site "Chess.com"]
[Date "2019.07.02"]
[Round "1"]
[White "FelixBlohberger"]
[Black "Colombiano07"]
[Result "1-0"]
[WhiteElo "2538"]
[BlackElo "2150"]
[TimeControl "180+2"]
[EndTime "13:04:26 PDT"]
[Termination "FelixBlohberger won by resignation"]

1. e4 c5 2. Nf3 Nc6 3. Bb5 e5 4. O-O d6 5. c3 Bd7 6. d4 cxd4 7. cxd4 Nf6 8. Nc3 Be7 9. d5 Nb8 10. Bxd7+ Nbxd7 11. h3 Nf8 12. Be3 Ng6 13. Qa4+ Qd7 14. Qxd7+ Kxd7 15. Rfc1 Rhc8 16. Nd2 Bd8 17. a3 a6 18. g3 b5 19. Rc2 Rab8 20. b4 Bb6 21. Bxb6 Rxb6 22. Rac1 Rb7 23. Nd1 Rbc7 24. Rxc7+ Rxc7 25. Rxc7+ Kxc7 1-0

[Event "*** Titled Tuesday Blitz"]
[Site "Chess.com"]
[Date "2019.07.02"]
[Round "1"]
[White "m3alam"]
[Black "ElGasanov"]
[Result "0-1"]
[WhiteElo "2340"]
[BlackElo "2695"]
[TimeControl "180+2"]
[EndTime "13:04:27 PDT"]
[Termination "ElGasanov won by resignation"]

1. d4 d5 2. Nf3 Bf5 3. c4 e6 4. cxd5 exd5 5. Nc3 c6 6. Qb3 Qb6 7. Qxb6 axb6 8. Nh4 Be6 9. Bf4 Nd7 10. Nf3 Ngf6 11. e3 b5 12. Bd3 Nb6 13. O-O Nc4 14. b3 Nd6 15. a4 b4 16. Na2 Nde4 17. Rfd1 Be7 18. Ne5 g5 19. Bg3 h5 20. f3 Nxg3 21.
hxg3 Nd7 22. Nxd7 Kxd7 23. Rac1 b5 24. Bc2 h4 25. g4 Rhb8 26. Ra1 bxa4 27. Rdb1 c5 28.
dxc5 Bxc5 29. bxa4 Bxe3+ 30. Kh1 Bd4 0-1

[Event "*** Titled Tuesday Blitz"]
[Site "Chess.com"]
[Date "2019.07.02"]
[Round "1"]
[White "FranciscodelaF"]
[Black "EndgameGrinder"]
[Result "1-0"]
[WhiteElo "2263"]
[BlackElo "2588"]
[TimeControl "180+2"]
[EndTime "13:04:33 PDT"]
[Termination "FranciscodelaF won by resignation"]

1. d4 Nf6 2. c4 e6 3. g3 c5 4. d5 exd5 5. cxd5 d6 6. Nc3 g6 7. Nf3 Bg7 8. Bg2 O-O 9. O-O Re8 10. Re1 Nbd7 11. h3 a6 12. a4 Ne5 13. Nxe5 Rxe5 14.
e4 Re8 15. Be3 Qb6 16. Qc2 Bd7 17. f4 Qb4 18. Bf2 Nh5 19. Kh2 Bd4 20. Re2 b5 21. axb5 axb5 22. Rxa8 Rxa8 23. e5 Bxf2 24. Rxf2 Bf5 25.
Qd2 Ng7 26. g4 Bd7 27. exd6 c4 28. Ne4 Kh8 29. Qxb4 1-0

[Event "*** Titled Tuesday Blitz"]
[Site "Chess.com"]
[Date "2019.07.02"]
[Round "1"]
[White "DonPreuss"]
[Black "Yoshkinkot"]
[Result "0-1"]
[WhiteElo "2175"]
[BlackElo "2543"]
[TimeControl "180+2"]
[EndTime "13:04:34 PDT"]
[Termination "Yoshkinkot won by resignation"]

1. d4 Nf6 2. Nc3 d5 3. e4 Nxe4 4. Nxe4 dxe4 5. Bc4 e6 6. c3 c5 7. d5 Be7 8. dxe6 Qxd1+ 9. Kxd1 f5 10. Ne2 Nc6 11.
Kc2 O-O 12. h4 Rd8 13. a4 Ne5 14. Ba2 b6 15. Bf4 Nd3 16. Bc7 Re8 17. Raf1 Ba6 18. c4 Nb4+ 19. Kb1 Nxa2 20. Ng3 Nb4 21. Nxf5 Bxc4 22. Re1 Bxe6 23. Nxe7+ Rxe7 24. Bg3 Bf5 25. Ka1 Nc2+ 0-1

[Event "*** Titled Tuesday Blitz"]
[Site "Chess.com"]
[Date "2019.07.02"]
[Round "1"]
[White "alturas_pacificas"]
[Black "ram1zan"]
[Result "0-1"]
[WhiteElo "2407"]
[BlackElo "2783"]
[TimeControl "180+2"]
[EndTime "13:04:41 PDT"]
[Termination "ram1zan won by resignation"]

1. d4 Nf6 2. Bf4 c5 3. e3 g6 4.
c3 Bg7 5. Nf3 O-O 6. Nbd2 d6 7.
Be2 Be6 8. Ng5 Bc8 9. O-O h6 10. Ngf3 Be6 11. e4 cxd4 12. cxd4 Qb6 13. d5 Bd7 14. Be3 Qd8 15. Bd4 Na6 16. Qb1 Rc8 17.
b4 Nh5 18. Re1 Bxd4 19. Nxd4 Nf4 20. Bf1 Qb6 21. N2f3 Nxb4 22. a3 Na6 23. Qb2 Qxb2 0-1

[Event "*** Titled Tuesday Blitz"]
[Site "Chess.com"]
[Date "2019.07.02"]
[Round "1"]
[White "TST2014"]
[Black "Karina_Ivanova"]
[Result "1-0"]
[WhiteElo "2551"]
[BlackElo "2187"]
[TimeControl "180+2"]
[EndTime "13:04:55 PDT"]
[Termination "TST2014 won by checkmate"]

1. d4 Nf6 2. c4 e6 3. Nf3 b6 4. a3 Bb7 5. Nc3 d5 6. cxd5 Nxd5 7. e3 Be7 8. Bb5+ c6 9. Bd3 Nd7 10. e4 Nxc3 11. bxc3 c5 12. Bf4 O-O 13. O-O Rc8 14. Qe2 Re8 15. Rfd1 Bf6 16. a4 g6 17. a5 cxd4 18.
cxd4 Qe7 19. Ba6 Bxa6 20. Qxa6 Nb8 21. Qb5 Red8 22. axb6 Qb7 23. Rxa7 Qxe4 24. Bc7 Qd5 25. Qxd5 Rxd5 26. Ra8 Rdd8 27. Bxd8 Rxd8 28. g4 h5 29. g5 Be7 30. b7 Bd6 31. Rc1 Kf8 32.
Rc8 Ke7 33. Ne5 Bxe5 34. dxe5 Nc6 35. Rxc6 Rd1+ 36. Kg2 Rd5 37. Rc7+ Rd7 38. b8=Q f5 39. Qf8# 1-0

[Event "*** Titled Tuesday Blitz"]
[Site "Chess.com"]
[Date "2019.07.02"]
[Round "1"]
[White "OparinGrigoriy"]
[Black "KL31"]
[Result "1-0"]
[WhiteElo "2974"]
[BlackElo "2453"]
[TimeControl "180+2"]
[EndTime "13:05:01 PDT"]
[Termination "OparinGrigoriy won by resignation"]

1. Nf3 Nf6 2. g3 d5 3. Bg2 Bf5 4. c4 e6 5. O-O c6 6. cxd5 exd5 7.
d3 Be7 8. Nc3 O-O 9. Qb3 Qb6 10.
Qc2 h6 11. e4 dxe4 12. dxe4 Bh7 13. Be3 Qb4 14. a3 Bxe4 15. Nxe4 Qxe4 16. Qb3 Nbd7 17.
Rfe1 Qd5 18. Qxb7 Rfb8 19. Qa6 Rxb2 20. Nd4 Nc5 21. Qxc6 Qxc6 22. Nxc6 Bf8 23. Ne7+ Bxe7 24. Bxa8 Ng4 25. Bd4 Rd2 26. Rad1 1-0

[Event "*** Titled Tuesday Blitz"]
[Site "Chess.com"]
[Date "2019.07.02"]
[Round "1"]
[White "larso"]
[Black "Palacios-LLera"]
[Result "1-0"]
[WhiteElo "2803"]
[BlackElo "2419"]
[TimeControl "180+2"]
[EndTime "13:05:06 PDT"]
[Termination "larso won by checkmate"]

1. e4 c5 2. Nc3 Nc6 3. f4 g6 4. Nf3 Bg7 5. Bb5 Nd4 6. O-O Nxb5 7. Nxb5 Nf6 8. e5 Nd5 9. d4 cxd4 10. Qxd4 Nc7 11.
a4 a6 12. Nc3 O-O 13. Be3 d6 14. Rad1 Bf5 15. Qb4 Bxc2 16. Rd2 Bf5 17. Qxb7 Rb8 18. Qc6 Bd7 19. Qe4 Bf5 20. Qc6 Bd7 21. Qc4 Be6 22. Qe2 Qc8 23. exd6 exd6 24. Bd4 Ne8 25. Bxg7 Nxg7 26. Qf2 Nf5 27. Ne4 d5 28. Nf6+ Kg7 29.
g4 Kxf6 30. gxf5 gxf5 31. Qh4+ Kg7 32. Rg2+ Kh8 33. Qf6# 1-0

[Event "*** Titled Tuesday Blitz"]
[Site "Chess.com"]
[Date "2019.07.02"]
[Round "1"]
[White "jacky72"]
[Black "Andrii_Prydun"]
[Result "1-0"]
[WhiteElo "2629"]
[BlackElo "2298"]
[TimeControl "180+2"]
[EndTime "13:05:07 PDT"]
[Termination "jacky72 won by resignation"]

1. d4 d5 2. c4 c6 3. cxd5 cxd5 4. Nc3 Nf6 5. Bf4 e6 6. e3 a6 7. Bd3 Bd6 8. Bg5 O-O 9. f4 Nc6 10. Nf3 Bd7 11. O-O Rc8 12. Ne5 Be7 13. Rc1 h6 14. Bh4 Ne8 15. Bxe7 Qxe7 16. Bb1 Nd6 17. Qd3 g6 18.
Rf3 Nf5 19. g4 Ng7 20. Rh3 Kh7 21. Nxg6 fxg6 22. Qxg6+ Kg8 23. Qh7+ Kf7 24. Bg6+ Kf6 25. Qxh6 1-0

[Event "*** Titled Tuesday Blitz"]
[Site "Chess.com"]
[Date "2019.07.02"]
[Round "1"]
[White "Squirlolz"]
[Black "AbasovN"]
[Result "0-1"]
[WhiteElo "2443"]
[BlackElo "2878"]
[TimeControl "180+2"]
[EndTime "13:05:09 PDT"]
[Termination "AbasovN won by checkmate"]

1. e4 c5 2. c3 Nf6 3. e5 Nd5 4. Nf3 Nc6 5. Bc4 Nb6 6. Bb3 c4 7. Bc2 d6 8. exd6 Qxd6 9. O-O Bg4 10. Re1 O-O-O 11. h3 Bh5 12. Be4 e6 13. b3 f5 14.
Bc2 g6 15. bxc4 e5 16. d3 e4 17. dxe4 Qc7 18. Nbd2 Ne5 19. exf5 Nxf3+ 20. gxf3 Bc5 21. Qe2 Qg3+ 22. Kf1 Qxh3+ 23. Kg1 gxf5 24. Qe6+ Kb8 25.
Ne4 Rhg8+ 26. Ng5 Qg3+ 27. Kh1 Bxf3+ 28. Nxf3 Qg2# 0-1

[Event "*** Titled Tuesday Blitz"]
[Site "Chess.com"]
[Date "2019.07.02"]
[Round "1"]
[White "Gubajdullin"]
[Black "Saitama_Hero"]
[Result "1-0"]
[WhiteElo "2604"]
[BlackElo "2246"]
[TimeControl "180+2"]
[EndTime "13:05:10 PDT"]
[Termination "Gubajdullin won by resignation"]

1. d4 Nf6 2. Bf4 g6 3. e3 Bg7 4. Nf3 O-O 5. Be2 d6 6. O-O Nc6 7. h3 Nd7 8. c4 e5 9. Bh2 f5 10.
Nc3 e4 11. Nd2 g5 12. b4 Kh8 13. c5 dxc5 14. bxc5 Nxc5 15. Nb5 Ne6 16. d5 Qxd5 17. Bc4 Qc5 18. Bxe6 Bxe6 19. Nxc7 Bf7 20. Nxa8 Rxa8 21.
Nb3 Qa3 22. Qc1 Qa4 23. Nc5 Qb5 24. Rb1 Qa5 25. Nxb7 Qa6 26. Nd6 Bxa2 27. Ra1 Bxa1 28. Qxa1+ Kg8 29. Nxf5 1-0

[Event "*** Titled Tuesday Blitz"]
[Site "Chess.com"]
[Date "2019.07.02"]
[Round "1"]
[White "tigra"]
[Black "timator"]
[Result "1-0"]
[WhiteElo "2729"]
[BlackElo "2372"]
[TimeControl "180+2"]
[EndTime "13:05:19 PDT"]
[Termination "tigra won by resignation"]

1. e4 c5 2. b4 d6 3. Nf3 Nf6 4. bxc5 dxc5 5. e5 Nd5 6. Bb5+ Bd7 7. a4 a6 8. Bc4 Bc6 9. e6 f6 10. O-O g6 11. Ba3 b6 12. d4 b5 13. Bxd5 Qxd5 14. Nc3 Qc4 15. d5 Bb7 16. Bb2 b4 17.
Nd2 Qh4 18. Nce4 Bxd5 19. Bxf6 exf6 20. g3 Qxe4 21. Nxe4 Bxe4 22. Re1 Bf5 23. e7 1-0

[Event "*** Titled Tuesday Blitz"]
[Site "Chess.com"]
[Date "2019.07.02"]
[Round "1"]
[White "RzayevB"]
[Black "Pluusje"]
[Result "1-0"]
[WhiteElo "2593"]
[BlackElo "2237"]
[TimeControl "180+2"]
[EndTime "13:05:24 PDT"]
[Termination "RzayevB won by resignation"]

1. e4 e6 2. b3 d5 3. Bb2 c5 4. Nc3 Nc6 5. exd5 exd5 6. Nf3 Nf6 7. Be2 Be7 8. O-O O-O 9. d4 cxd4 10. Nxd4 Bc5 11. Na4 Bd6 12. Bf3 Ne4 13. c4 Ne5 14. cxd5 Nxf3+ 15. Nxf3 Bg4 16. Qd4 Nf6 17. Rad1 Qd7 18.
Rd3 Bf5 19. Re3 b5 20. Nc3 a6 21. Ne5 Qc7 22. Ne2 Rfe8 23. Ng3 Bc5 24. Qf4 Bxe3 25.
fxe3 Bg6 26. Nxg6 Qc2 27. Bxf6 gxf6 28. Nh4 1-0

[Event "*** Titled Tuesday Blitz"]
[Site "Chess.com"]
[Date "2019.07.02"]
[Round "1"]
[White "axvesik"]
[Black "Angry_Twin"]
[Result "0-1"]
[WhiteElo "2418"]
[BlackElo "2802"]
[TimeControl "180+2"]
[EndTime "13:05:32 PDT"]
[Termination "Angry_Twin won by resignation"]

1. e4 c5 2. Nf3 d6 3. d4 cxd4 4. Nxd4 Nf6 5. Nc3 a6 6. f3 e5 7. Nb3 Be6 8. Be3 Nbd7 9. Qd2 b5 10. Nd5 Bxd5 11. exd5 Nb6 12. Bxb6 Qxb6 13. a4 b4 14. a5 Qb7 15. Ra4 Nxd5 16. Bc4 Nf4 17. Rxb4 Qc6 18. Bd3 Be7 19. Be4 d5 20. Rb6 Qd7 21. g3 dxe4 22.
Qxd7+ Kxd7 23. gxf4 exf3 24. Kf2 Rhc8 25. c3 e4 26.
Rd1+ Ke8 27. f5 Rd8 28. Re1 Bh4+ 0-1

[Event "*** Titled Tuesday Blitz"]
[Site "Chess.com"]
[Date "2019.07.02"]
[Round "1"]
[White "Tarlev_Konstantin"]
[Black "Roenko_Artur"]
[Result "1-0"]
[WhiteElo "2615"]
[BlackElo "2250"]
[TimeControl "180+2"]
[EndTime "13:05:39 PDT"]
[Termination "Tarlev_Konstantin won by resignation"]

1. e4 e6 2. Nf3 d5 3. Nc3 Nf6 4. e5 Nfd7 5. d4 c5 6. dxc5 Bxc5 7. Bd3 Nc6 8. Qe2 a6 9. O-O h6 10. Bf4 Nb4 11. Be3 Nxd3 12. cxd3 Be7 13. Rfc1 b6 14. Bf4 Bb7 15. Qd2 Rc8 16. Ne2 g5 17. Bg3 g4 18. Nfd4 h5 19. Rxc8 Qxc8 20. Rc1 Qa8 21.
Bf4 Nc5 22. b4 Nd7 23. Bg5 Qd8 24. Bxe7 Qxe7 25. Rc7 1-0